Map: Eternal Empire LE

Players

UWinIPlank - Winner!

  • Race: Protoss Protoss
  • Spawn Location: 7:00

A.I. 1 (Very Easy)

  • Race: Terran Terran
  • Spawn Location: 1:00

VOD

Have the link to the VOD?

Description

Time

  • Played on: April 23, 2020, 7:48 a.m.
  • Length: 7:00
Show
View Real Time Build Order
Export as new Build Order

UWinIPlank Protoss - Winner!

Build Orders: 1 Gate Expand, Blink Stalkers 

Get SALT Encoding   

  12  0:00  Probe  
  13  0:13  Probe  
  14  0:17  Pylon  
  14  0:25  Probe  
  15  0:36  Gateway  
  15  0:38  Probe  
  16  0:43  Assimilator  
  16  0:50  Probe (Chrono Boost)  
  17  1:03  Probe (Chrono Boost)  
  18  1:09  Probe (Chrono Boost)  
  19  1:17  Probe  
  20  1:28  Nexus  
  20  1:33  Cybernetics Core  
  20  1:38  Probe  
  21  1:43  Assimilator  
  21  1:50  Probe  
  21  1:52  Pylon  
  22  2:02  Probe  
  22  2:08  Adept (Chrono Boost)  
  23  2:11  Warp Gate  
  23  2:14  Probe  
  26  2:25  Twilight Council  
  26  2:26  Probe  
  27  2:31  Stalker  
  29  2:40  Probe (Chrono Boost)  
  29  2:43  Probe (Chrono Boost)  
  31  2:50  Probe (Chrono Boost)  
  33  2:53  Gateway, Probe (Chrono Boost)  
  33  2:55  Probe  
  34  3:00  Blink (Chrono Boost)  
  34  3:03  Probe (Chrono Boost)  
  35  3:09  Probe (Chrono Boost)  
  38  3:21  Probe x2 (Chrono Boost)  
  38  3:23  Robotics Facility  
  38  3:26  Probe (Chrono Boost)  
  38  3:28  Probe (Chrono Boost)  
  38  3:34  Pylon  
  40  3:35  Stalker  
  40  3:36  Probe  
  40  3:40  Probe  
  44  3:49  Probe  
  44  3:52  Probe  
  46  3:59  Nexus  
  46  4:01  Probe  
  47  4:03  Assimilator  
  47  4:04  Probe  
  47  4:07  Pylon  
  48  4:11  Observer  
  48  4:14  Probe  
  50  4:17  Probe  
  50  4:19  Forge  
  50  4:22  Pylon  
  51  4:26  Stalker, Probe  
  51  4:29  Probe  
  55  4:35  Observer  
  56  4:38  Probe  
  56  4:41  Stalker  
  56  4:42  Probe  
  60  4:47  Charge, Protoss Ground Armor Level 1 (Chrono Boost)  
  60  4:50  Probe  
  61  4:56  Stalker  
  61  4:58  Probe  
  61  4:59  Observer  
  65  5:06  Gateway x2  
  65  5:09  Gateway  
  65  5:12  Gateway  
  65  5:13  Gateway, Probe  
  66  5:14  Probe  
  66  5:16  Probe  
  68  5:24  Gateway  
  68  5:26  Gateway  
  68  5:31  Sentry  
  68  5:32  Probe  
  68  5:33  Probe  
  68  5:34  Probe  
  73  5:37  Warp Prism  
  73  5:41  Pylon  
  75  5:44  Probe  
  75  5:45  Probe  
  75  5:46  Probe  
  75  5:49  Stalker  
  80  5:56  Pylon  
  80  6:00  Stalker x3  
  86  6:08  Probe  
  86  6:09  Probe x2  
  89  6:17  Zealot x4  
  97  6:20  Probe  
  97  6:22  Observer  
  99  6:30  Zealot  
  101  6:36  Pylon  
  101  6:37  Pylon  
  101  6:39  Pylon  
  101  6:41  Pylon  
  101  6:54  Zealot x4  
  101  6:55  Zealot x4  
Show
View Real Time Build Order
Export as new Build Order

A.I. 1 (Very Easy) Terran 

Build Orders:  

Get SALT Encoding   

  12  0:00  SCV  
  13  0:13  SCV  
  14  0:18  Supply Depot  
  14  0:37  Refinery  
  14  0:42  Barracks  
  14  1:04  Supply Depot  
  14  1:12  Refinery  
  14  1:30  Orbital Command, Marine  
  15  1:56  SCV  
  16  2:08  SCV  
  17  2:12  Marine  
  18  2:20  SCV  
  19  2:31  Barracks Tech Lab  
  19  2:32  SCV  
  20  2:44  SCV  
  21  2:55  Marauder  
  21  2:56  SCV  
  24  6:11  Marine  
  24  6:14  Supply Depot  
  21  6:27  SCV  
  19  6:40  SCV, Factory  
  19  6:43  Supply Depot  
Tags
 
Add a new tag
Caveats
  • Supply blocks, unpowered buildings, or Contaminate may cause inaccurate times.
  • Supply counts are checked every 10 seconds.